 Seeded DCSS version 0.28.0-47-ge53b351184 (webtiles) character file.

Game seed: 523019199727972820 (custom seed)

7128 thiscave3701365 the Cleaver (level 10, -14/132 (136) HPs)
             Began as a Minotaur Berserker on May 10, 2022.
             Was a Priest of Trog.
             Demolished by a spectral orc knight
             ... wielding a +0 great mace
             ... summoned by Nergalle
              (17 damage)
             ... on level 10 of the Dungeon.
             The game lasted 00:10:56 (13266 turns).

thiscave3701365 the Cleaver (Minotaur Berserker)   Turns: 13266, Time: 00:10:57

HP:   -14/132 (136) AC: 19    Str: 33    XL:     10   Next: 85%
MP:   9/9           EV:  4    Int:  4    God:    Trog [***...]
Gold: 145           SH: 12    Dex: 15    Spells: 9/9 levels left

rFire   . . .      SeeInvis .   a - +0 hand axe
rCold   . . .      Faith    .   l - +0 tower shield
rNeg    . . .      Spirit   .   y - +0 crystal plate armour
rPois   .          Reflect  .   (helmet restricted)
rElec   .          Harm     .   (no cloak)
rCorr   .          Rampage  .   (no gloves)
Will    +....                   (no boots)
Stlth   ..........              n - amulet of regeneration
HPRegen 1.12/turn               x - ring "Fygrar" {Will+ Str+6 Dex+6}
MPRegen 0.11/turn               (no ring)

@: berserking (expiring), lethally poisoned (-14 -> -39), lightly drained, very
quick
A: horns 2, retaliatory headbutt
a: Renounce Religion, Berserk, Trog's Hand


You were on level 10 of the Dungeon.
You worshipped Trog.
Trog was most pleased with you.
You visited 1 branch of the dungeon, and saw 10 of its levels.

You collected 505 gold pieces.
You spent 360 gold pieces at shops.

Inventory:

Hand Weapons
 a - a +0 hand axe (weapon)
Missiles
 k - 2 throwing nets
Armour
 l - a +0 tower shield (worn)
 y - a +0 crystal plate armour (worn)
Jewellery
 n - an amulet of regeneration (around neck)
 s - an amulet of guardian spirit
 x - the ring "Fygrar" (left hand) {Will+ Str+6 Dex+6}
   (You acquired it on level 6 of the Dungeon)

   [ring of strength]

   Str:       It affects your strength (+6).
   Dex:       It affects your dexterity (+6).
   Will:      It increases your willpower.
 B - a ring of resist corrosion
Wands
 m - a wand of polymorph (2)
 v - a wand of paralysis (9)
 w - a wand of flame (27)
 A - a wand of acid (4)
Scrolls
 c - a scroll of fog
 e - 3 scrolls of teleportation
 j - 2 scrolls of summoning
 o - a scroll of vulnerability
 t - 2 scrolls of blinking
 z - a scroll of immolation {unknown}
 C - a scroll of brand weapon {unknown}
Potions
 d - a potion of curing
 f - a potion of berserk rage
 g - a potion of resistance
 h - a potion of mutation
 i - a potion of cancellation {unknown}
 p - 2 potions of invisibility
 q - a potion of might
 r - a potion of heal wounds
 u - a potion of lignification
Miscellaneous
 b - a lightning rod (4/4)


   Skills:
 + Level 9.2 Fighting
 + Level 14.7 Axes
 + Level 9.1 Armour
 + Level 4.9 Dodging
 + Level 1.8 Stealth
 + Level 2.0 Shields
 + Level 2.0 Unarmed Combat


You had 9 spell levels left.
You didn't know any spells.
Your spell library was empty.

Dungeon Overview and Level Annotations

Branches:
Dungeon (10/15)            Temple (0/1) D:4            Lair (0/6) D:10
    Orc: D:9-12

Altars:
Ashenzari
Nemelex Xobeh

Shops:
D:7 *

Annotations:
D:10 Nergalle


Innate Abilities, Weirdness & Mutations

You have a pair of horns on your head.
You reflexively headbutt those who attack you in melee.


Message History

You are more poisoned.
The spectral orc knight barely misses you.
You furiously retaliate!
You headbutt the spectral orc knight.
The spectral orc warlord hits you with a +0 battleaxe!!
You are too injured to fight recklessly!
Unknown command.
You are too injured to fight recklessly!
Unknown command.
You are too injured to fight recklessly!
Unknown command.
You hit Nergalle.
Nergalle is heavily wounded.
You hit the spectral orc warlord but do no damage.
You barely miss the spectral orc knight.
You hit the spectral orc knight.
You feel very sick.
Nergalle drinks a potion.
Nergalle is healed!
You closely miss Nergalle.
Nergalle is lightly wounded.
You hit the spectral orc warlord but do no damage.
You slash the spectral orc knight!
You hit the spectral orc knight but do no damage.
You feel very sick.
The spectral orc knight barely misses you.
You block the spectral orc knight's attack.
The spectral orc warlord hits you with a +0 battleaxe!
* * * LOW HITPOINT WARNING * * *
Nergalle gestures at you while chanting.
The bolt of negative energy hits you.
You feel drained.
* * * LOW HITPOINT WARNING * * *
You slice Nergalle!!
Nergalle is heavily wounded.
You hit the spectral orc warlord.
You hit the spectral orc knight but do no damage. x2
You feel very sick.
The spectral orc knight hits you with a +0 great mace of venom!!
* * * LOW HITPOINT WARNING * * *
You are more poisoned.
The spectral orc knight hits you with a +0 great mace!
You die...

###############
...............
......ZZo......
#Z@# #..# #..#
######..########.
.................
.................
###..####..####..
#..# #..# #..#
#..#


You could see Nergalle, 2 spectral orc knights and a spectral orc warlord
(summoned).

Vanquished Creatures
  A two-headed ogre (D:8)
  Urug (D:10)
  A troll (D:10)
  Grinder (D:5)
  A shadow (D:10)
  9 yaks
  A steam dragon (D:6)
  Menkaure (D:5)
  An acid dragon (D:9)
  3 orc warriors
  A black bear (D:8)
  A sky beast (D:7)
  A wolf (D:10)
  A necrophage (D:6)
  4 ogres
  2 centaurs
  A phantom (D:4)
  2 kobold brigands
  A bullfrog (D:7)
  A wyvern zombie (D:6)
  4 scorpions
  A wyvern skeleton (D:6)
  The ghost of Holdthepickle the Shield-Bearer, a weakling GnFi (D:3)
  2 killer bees (D:9)
  9 wights
  A howler monkey (D:4)
  2 centaur zombies
  4 orc priests
  2 gnoll shamans
  A jelly (D:6)
  10 hounds
  5 iguanas
  9 orc wizards
  Ijyb (D:4)
  A hound zombie (D:5)
  A hound skeleton (D:4)
  6 gnolls
  A howler monkey zombie (D:9)
  8 adders
  A hound simulacrum (D:3)
  A white imp (D:7)
  An ufetubus (D:5)
  An adder skeleton (D:4)
  3 worms
  A dart slug (D:4)
  An adder simulacrum (D:3)
  23 orcs
  12 endoplasms
  3 giant cockroaches
  3 goblins
  5 hobgoblins
  6 quokkas
  8 ball pythons
  A ball python simulacrum (D:3)
  6 bats
  A frilled lizard (D:1)
  15 kobolds
  8 rats
204 creatures vanquished.

Vanquished Creatures (others)
  9 plants (D:5)
9 creatures vanquished.

Grand Total: 213 creatures vanquished

Notes
Turn   | Place    | Note
-------+----------+-------------------------------------------
     0 | D:1      | thiscave3701365 the Minotaur Berserker began the quest for
                  | the Orb.
     0 | D:1      | Reached XP level 1. HP: 19/19 MP: 0/0
   307 | D:1      | Reached skill level 4 in Axes
   307 | D:1      | Reached XP level 2. HP: 26/27 MP: 1/1
   845 | D:1      | Found a faded altar of an unknown god.
  1302 | D:2      | Reached XP level 3. HP: 7/34 MP: 2/2
  2300 | D:2      | Found a broken altar of Ashenzari.
  2792 | D:3      | Reached XP level 4. HP: 28/41 MP: 3/3
  3119 | D:3      | Found a runed translucent gate.
  3128 | D:3      | Found a runed translucent gate.
  3128 | D:3      | Found a runed translucent gate.
  3161 | D:3      | Noticed Holdthepickle's ghost (weakling GnFi)
  3263 | D:3      | Reached ** piety under Trog
  3931 | D:3      | HP: 2/49 [Holdthepickle's ghost (3)]
  3935 | D:3      | Killed Holdthepickle's ghost
  3936 | D:3      | Reached skill level 5 in Axes
  4056 | D:3      | Reached XP level 5. HP: 20/44 MP: 4/4
  4825 | D:4      | Noticed a phantom
  4830 | D:4      | Reached skill level 5 in Fighting
  4836 | D:4      | Killed a phantom
  4837 | D:4      | Reached skill level 6 in Axes
  4837 | D:4      | Reached skill level 1 in Stealth
  4837 | D:4      | Reached XP level 6. HP: 34/56 MP: 5/5
  5719 | D:4      | Noticed Ijyb
  5728 | D:4      | Killed Ijyb
  5784 | D:4      | Found a staircase to the Ecumenical Temple.
  5917 | D:4      | Reached skill level 7 in Axes
  6188 | D:4      | Reached XP level 7. HP: 61/61 MP: 6/6
  6704 | D:5      | Entered Level 5 of the Dungeon
  6710 | D:5      | Reached skill level 1 in Unarmed Combat
  7332 | D:5      | Noticed Grinder
  7339 | D:5      | Reached skill level 8 in Axes
  7350 | D:5      | Killed Grinder
  7554 | D:5      | Reached XP level 8. HP: 70/71 MP: 7/7
  7734 | D:5      | Noticed Menkaure
  7740 | D:5      | Killed Menkaure
  8188 | D:5      | Reached skill level 9 in Axes
  8873 | D:6      | Reached skill level 5 in Armour
  9917 | D:6      | Identified a scroll of acquirement
  9917 | D:6      | Acquired the ring "Fygrar" {Will+ Str+6 Dex+6}
 10063 | D:7      | Found Poej's Elemental Accessories.
 10070 | D:7      | Bought a lightning rod (4/4) for 360 gold pieces
 10101 | D:7      | Found a sparkling altar of Nemelex Xobeh.
 10137 | D:7      | Reached XP level 9. HP: 68/79 MP: 8/8
 10266 | D:7      | Reached skill level 10 in Axes
 11146 | D:8      | Noticed a two-headed ogre
 11155 | D:8      | Killed a two-headed ogre
 11156 | D:8      | Reached skill level 11 in Axes
 11474 | D:9      | Reached skill level 12 in Axes
 11595 | D:8      | Reached XP level 10. HP: 86/88 MP: 9/9
 11597 | D:8      | Reached *** piety under Trog
 11619 | D:8      | Reached skill level 13 in Axes
 12522 | D:10     | Entered Level 10 of the Dungeon
 12587 | D:10     | Reached skill level 14 in Axes
 12645 | D:10     | Reached skill level 1 in Shields
 12654 | D:10     | Found a staircase to the Lair.
 12850 | D:10     | Noticed Urug
 12863 | D:10     | Killed Urug
 13244 | D:10     | Noticed Nergalle
 13249 | D:10     | Noticed a spectral orc warlord
 13266 | D:10     | HP: 3/132 [spectral orc knight/+0 great mace of
                  | venom[Nergalle] (21)]
 13266 | D:10     | Demolished by a spectral orc knight

Illustrated notes

Levels and vault maps discovered:
D:1:      minmay_arrival_floating_metal, layout_loops_corners,
          shapermc_ecumenical_altar_notcrosses, minivault_11
D:2:      layout_basic, basic_altar
D:3:      layout_basic, gammafunk_ghost_icy
D:4:      minmay_chambers_of_twos, layout_loops_cross,
          minmay_temple_entry_fiery, minmay_fractal_squares_5, uniq_ijyb
D:5:      layout_rooms, serial_bayou_lagoon_a, uniq_grinder, uniq_menkaure
D:6:      layout_loops_ring, grunt_decor_fettered, kennysheep_small_circle
D:7:      layout_loops_ring, mainiacjoe_overflow_small_starburst,
          nicolae_elemental_shop
D:8:      layout_rooms
D:9:      layout_stronghold, ebering_ghost_reflecting_pool
D:10:     layout_small_grid, erik_lair_island, uniq_urug, uniq_nergalle,
          uniq_josephine, uniq_erica

Skill      XL: |  1  2  3  4  5  6  7  8  9 10 |
---------------+-------------------------------+-----
Axes           | 4 5 6 7 8 9 12 14 | 14.7
Fighting       | 4 5 6 7 8 9 |  9.2
Dodging        | 3 4 |  4.9
Stealth        | 1 |  1.8
Unarmed Combat | 1 2 |  2.0
Armour         | 3 6 7 9 |  9.1
Shields        | 2 |  2.0

Action                   |  1- 3 |  4- 6 |  7- 9 | 10-12 || total
-------------------------+-------+-------+-------+-------++-------
Melee: Hand axe          |    82 |   107 |   277 |   116 ||   582
       Headbutt          |    11 |    18 |    54 |    29 ||   112
       Unarmed           |       |    10 |       |       ||    10
       Punch             |       |       |    10 |       ||    10
Invok: Berserk           |     1 |     7 |    16 |     8 ||    32
  Use: Scroll            |       |     7 |     8 |       ||    15
Armor: Animal skin       |     9 |    10 |     1 |       ||    20
       Chain mail        |       |       |    39 |       ||    39
       Crystal plate arm |       |       |    82 |    54 ||   136
Dodge: Dodged            |    47 |    76 |    92 |    20 ||   235
Block: Tower shield      |       |       |       |    44 ||    44
